| TOP OF THE 1ST |
|
Missoula Osprey batting - Pitching for Kingsport Mets : RHP Emanuel Anochondo
|
|
Pitching: RHP Emanuel Anochondo
|
|
|
Batting: RHB Isaiah Hampton
|
0-0: Ball 1-0: Ball 2-0: Ball 3-0: Base on Balls
|
|
Batting: LHB Danny Salas
|
0-0: Called Strike Isaiah Hampton steals 2nd, throwing error, E2 Isaiah Hampton to third 0-1: Foul Ball, location: 2F 0-2: Ball 1-2: Strikes out looking
|
|
Batting: RHB Claude Leduc
|
0-0: Foul Ball, location: 2F 0-1: Called Strike 0-2: Ball 1-2: Ball 2-2: Foul Ball, location: 2F 2-2: Foul Ball, location: 2F 2-2: Ball 3-2: Base on Balls
|
|
Batting: LHB Angelo Lira
|
0-0: Called Strike 0-1: SINGLE (Line Drive, 89S, EV 105.0 MPH) Isaiah Hampton scores Claude Leduc to second
|
|
Batting: RHB David Powell
|
0-0: Ball 1-0: Called Strike 1-1: Ball 2-1: Foul Ball, location: 2F 2-2: Ball 3-2: Fielders Choice at 2nd, 3-6 (Groundball, 13, EV 86.2 MPH) Claude Leduc to third
|
|
Batting: LHB Jalen Williams
|
0-0: Ball 1-0: Ball 2-0: Ball 3-0: Base on Balls David Powell to second
|
|
Batting: RHB Shing Mah
|
0-0: Fly out, F9 (Flyball, 9S, EV 85.6 MPH)
|
| Top of the 1st over - 1 run, 1 hit, 1 error, 3 left on base; Missoula 1 - Kingsport 0 |
| BOTTOM OF THE 1ST |
|
Kingsport Mets batting - Pitching for Missoula Osprey : RHP Xavier Reed
|
|
Pitching: RHP Xavier Reed
|
|
|
Batting: RHB Eric Zylstra
|
0-0: Ball 1-0: Ball 2-0: Called Strike 2-1: SINGLE (Groundball, 34D, EV 96.9 MPH)
|
|
Batting: SHB Josh Thomson
|
0-0: Ball 1-0: Called Strike 1-1: Ball 2-1: Ball 3-1: Called Strike 3-2: SINGLE (Groundball, 56D, EV 98.1 MPH) Eric Zylstra to second Runner from 2nd tries for 3rd, SAFE, throw by LF made to third
|
|
Batting: RHB Juan Medina
|
0-0: Ball 1-0: Ball 2-0: Ball 3-0: Base on Balls Josh Thomson to second
|
|
Batting: RHB Dan Muse
|
0-0: Fly out, F8 (Flyball, 8RD, EV 79.4 MPH) Runner from 3rd tags up, SCORES, no throw by CF
|
|
Batting: RHB Chris Artz
|
0-0: Foul Ball, location: 2F 0-1: Ball 1-1: Ball 2-1: Ball 3-1: Fielders Choice at 2nd, 6-4 (Groundball, 6, EV 80.6 MPH) Josh Thomson to third
|
|
Batting: RHB Warren Carmichael
|
0-0: Swinging Strike 0-1: Foul Ball, location: 2F 0-2: Ball 1-2: Ball 2-2: Ball 3-2: Base on Balls Chris Artz to second
|
|
Batting: LHB Randolph Brodbeck
|
0-0: SINGLE (Line Drive, 56, EV 96.2 MPH) Josh Thomson scores Chris Artz to third Warren Carmichael to second
|
|
Batting: RHB Artyom Shavkunov
|
0-0: Ball 1-0: Foul Ball, location: 2F 1-1: Ball 2-1: Called Strike 2-2: DOUBLE (Groundball, 3L, EV 100.0 MPH) Chris Artz scores Warren Carmichael scores Randolph Brodbeck to third Runner from 3rd tries for Home, SAFE, throw by RF to home
|
|
Batting: LHB Rick Vallis
|
0-0: Ground out 5-3 (Groundball, 56, EV 81.9 MPH)
|
| Bottom of the 1st over - 5 runs, 4 hits, 0 errors, 1 left on base; Missoula 1 - Kingsport 5 |
| TOP OF THE 2ND |
|
Missoula Osprey batting - Pitching for Kingsport Mets : RHP Emanuel Anochondo
|
|
Batting: RHB Hector Tabares
|
0-0: Ball 1-0: Ball 2-0: Foul Ball, location: 2F 2-1: Ground out U3 (Groundball, 13, EV 81.2 MPH)
|
|
Batting: LHB Adam Spence
|
0-0: Ball 1-0: Ball 2-0: SINGLE (Line Drive, 8RS, EV 95.0 MPH)
|
|
Batting: RHB Isaiah Hampton
|
0-0: Ball 1-0: Ball 2-0: SINGLE (Groundball, 56D, EV 101.9 MPH) Adam Spence to second
|
|
Batting: LHB Danny Salas
|
0-0: Ball 1-0: Called Strike 1-1: Ball 2-1: Foul Ball, location: 2F 2-2: Strikes out swinging
|
|
Batting: RHB Claude Leduc
|
0-0: Ball 1-0: Called Strike 1-1: Ball 2-1: Foul Ball, location: 2F 2-2: Foul Ball, location: 2F 2-2: Ball 3-2: SINGLE (Groundball, 4MD, EV 94.4 MPH) Adam Spence to third Isaiah Hampton to second Adam Spence scores Isaiah Hampton to third
|
|
Batting: LHB Angelo Lira
|
0-0: Called Strike 0-1: Swinging Strike 0-2: Ball 1-2: Strikes out swinging
|
| Top of the 2nd over - 1 run, 3 hits, 0 errors, 2 left on base; Missoula 2 - Kingsport 5 |
| BOTTOM OF THE 2ND |
|
Kingsport Mets batting - Pitching for Missoula Osprey : RHP Xavier Reed
|
|
Batting: RHB Eric Zylstra
|
0-0: Ball 1-0: Ball 2-0: Foul Ball, location: 2F 2-1: Ball 3-1: Base on Balls
|
|
Batting: SHB Josh Thomson
|
0-0: Fielders Choice at 2nd, 4-6 (Groundball, 4, EV 82.5 MPH)
|
|
Batting: RHB Juan Medina
|
0-0: Ball 1-0: Swinging Strike 1-1: Swinging Strike 1-2: Ball Josh Thomson is caught stealing 2nd base 2-4 2-2: Ball 3-2: Foul Ball, location: 2F 3-2: Foul Ball, location: 2F 3-2: Foul Ball, location: 2F 3-2: Base on Balls
|
|
Batting: RHB Dan Muse
|
0-0: Ball 1-0: Ground out 5-3 (Groundball, 56S, EV 66.9 MPH)
|
| Bottom of the 2nd over - 0 runs, 0 hits, 0 errors, 1 left on base; Missoula 2 - Kingsport 5 |
| TOP OF THE 3RD |
|
Missoula Osprey batting - Pitching for Kingsport Mets : RHP Emanuel Anochondo
|
|
Batting: RHB David Powell
|
0-0: Ball 1-0: Ball 2-0: DOUBLE (Flyball, 89D, EV 95.6 MPH)
|
|
Batting: LHB Jalen Williams
|
0-0: Ground out 6-3 (Groundball, 6, EV 88.1 MPH)
|
|
Batting: RHB Shing Mah
|
0-0: DOUBLE (Line Drive, 89D, EV 101.9 MPH) David Powell scores
|
|
Batting: RHB Hector Tabares
|
0-0: Ball 1-0: Ball 2-0: DOUBLE (Groundball, 5L, EV 108.1 MPH) Shing Mah scores
|
|
Batting: LHB Adam Spence
|
0-0: Ball 1-0: Called Strike 1-1: Ball 2-1: Foul Ball, location: 2F 2-2: Foul Ball, location: 2F 2-2: Strikes out swinging
|
|
Batting: RHB Isaiah Hampton
|
0-0: Ball 1-0: Foul Ball, location: 2F 1-1: Ball 2-1: Called Strike 2-2: Ground out 4-3 (Groundball, 34D, EV 100.6 MPH)
|
| Top of the 3rd over - 2 runs, 3 hits, 0 errors, 1 left on base; Missoula 4 - Kingsport 5 |
| BOTTOM OF THE 3RD |
|
Kingsport Mets batting - Pitching for Missoula Osprey : RHP Xavier Reed
|
|
Batting: RHB Chris Artz
|
0-0: Swinging Strike 0-1: Foul Ball, location: 2F 0-2: Strikes out swinging
|
|
Batting: RHB Warren Carmichael
|
0-0: Ball 1-0: Ball 2-0: Ball 3-0: Called Strike 3-1: Ground out 6-3 (Groundball, 6, EV 86.9 MPH)
|
|
Batting: LHB Randolph Brodbeck
|
0-0: Ball 1-0: Ground out 6-3 (Groundball, 6S, EV 71.9 MPH)
|
| Bottom of the 3rd over - 0 runs, 0 hits, 0 errors, 0 left on base; Missoula 4 - Kingsport 5 |
| TOP OF THE 4TH |
|
Missoula Osprey batting - Pitching for Kingsport Mets : RHP Emanuel Anochondo
|
|
Batting: LHB Danny Salas
|
0-0: Ball 1-0: Ball 2-0: Swinging Strike 2-1: Bunted foul 2-2: Foul Ball, location: 2F 2-2: Strikes out swinging
|
|
Batting: RHB Claude Leduc
|
0-0: Ball 1-0: Ball 2-0: Called Strike 2-1: TRIPLE (Line Drive, 78XD, EV 101.2 MPH)
|
|
Batting: LHB Angelo Lira
|
0-0: Called Strike 0-1: Ball 1-1: Ball 2-1: Ground out 5-3 (Groundball, 56, EV 101.9 MPH) Claude Leduc scores
|
|
Batting: RHB David Powell
|
0-0: Ball 1-0: Ground out 6-3 (Groundball, 6, EV 93.1 MPH)
|
| Top of the 4th over - 1 run, 1 hit, 0 errors, 0 left on base; Missoula 5 - Kingsport 5 |
| BOTTOM OF THE 4TH |
|
Kingsport Mets batting - Pitching for Missoula Osprey : RHP Xavier Reed
|
|
Pitching: LHP Henry Jesso
|
|
|
Batting: RHB Artyom Shavkunov
|
0-0: Ball 1-0: Swinging Strike 1-1: Ball 2-1: Foul Ball, location: 2F 2-2: Ball 3-2: Base on Balls
|
|
Batting: LHB Rick Vallis
|
0-0: Ball 1-0: Fly out, F8 (Flyball, 8LS, EV 93.1 MPH)
|
|
Batting: RHB Eric Zylstra
|
0-0: Called Strike 0-1: Called Strike 0-2: Ball 1-2: Strikes out looking
|
|
Batting: SHB Josh Thomson
|
0-0: 2-RUN HOME RUN (Flyball, 7D, EV 94.4 MPH), Distance : 365 ft
|
|
Batting: RHB Juan Medina
|
0-0: Foul Ball, location: 2F 0-1: Foul Ball, location: 2F 0-2: Ball 1-2: Ground out 1-3 (Groundball, P, EV 68.1 MPH)
|
| Bottom of the 4th over - 2 runs, 1 hit, 0 errors, 0 left on base; Missoula 5 - Kingsport 7 |
| TOP OF THE 5TH |
|
Missoula Osprey batting - Pitching for Kingsport Mets : RHP Emanuel Anochondo
|
|
Batting: LHB Jalen Williams
|
0-0: Called Strike 0-1: SINGLE (Flyball, 89S, EV 97.5 MPH)
|
|
Batting: RHB Shing Mah
|
0-0: DOUBLE (Flyball, 78XD, EV 112.5 MPH) Jalen Williams to third Runner from 3rd tries for Home, SAFE, throw by CF to home
|
|
Pitching: LHP Bryce Anderson
|
|
|
Batting: RHB Hector Tabares
|
0-0: Ground out 6-3 (Groundball, 6M, EV 81.9 MPH) Shing Mah to third
|
|
Batting: LHB Adam Spence
|
0-0: SINGLE (Groundball, 34, EV 93.8 MPH) Shing Mah scores
|
|
Batting: RHB Isaiah Hampton
|
0-0: Called Strike 0-1: Called Strike 0-2: Foul Ball, location: 2F 0-2: Foul Ball, location: 2F 0-2: Ball 1-2: Strikes out swinging
|
|
Batting: LHB Danny Salas
|
0-0: 2-RUN HOME RUN (Flyball, 89XD, EV 101.2 MPH), Distance : 394 ft
|
|
Batting: RHB Claude Leduc
|
0-0: Ball 1-0: Ball 2-0: Ball 3-0: Base on Balls
|
|
Batting: LHB Angelo Lira
|
0-0: Called Strike 0-1: Ball 1-1: Ball 2-1: Ball 3-1: Base on Balls Claude Leduc to second
|
|
Batting: RHB David Powell
|
0-0: Swinging Strike 0-1: Ball 1-1: Swinging Strike 1-2: DOUBLE (Line Drive, 89D, EV 109.4 MPH) Claude Leduc scores Angelo Lira to third Runner from 3rd tries for Home, SAFE, no throw by RF
|
|
Pitching: RHP Justin Vallis
|
|
|
Batting: LHB Jalen Williams
|
0-0: Swinging Strike 0-1: SINGLE (Line Drive, 4D, EV 111.2 MPH) David Powell to third
|
|
Batting: RHB Shing Mah
|
Pickoff Throw to First - Out! 1-3
|
| Top of the 5th over - 6 runs, 6 hits, 0 errors, 1 left on base; Missoula 11 - Kingsport 7 |
| BOTTOM OF THE 5TH |
|
Kingsport Mets batting - Pitching for Missoula Osprey : LHP Henry Jesso
|
|
Batting: RHB Dan Muse
|
0-0: Called Strike 0-1: Ball 1-1: SOLO HOME RUN (Flyball, 78XD, EV 108.1 MPH), Distance : 405 ft
|
|
Batting: RHB Chris Artz
|
0-0: Called Strike 0-1: Ground out 6-3 (Groundball, 6S, EV 86.9 MPH)
|
|
Batting: RHB Warren Carmichael
|
0-0: Ball 1-0: Ball 2-0: Called Strike 2-1: Ball 3-1: Foul Ball, location: 2F 3-2: Base on Balls
|
|
Batting: LHB Randolph Brodbeck
|
0-0: SINGLE (Line Drive, 7S, EV 89.4 MPH) Warren Carmichael to second
|
|
Pitching: RHP Javier Rosales
|
|
|
Batting: RHB Artyom Shavkunov
|
0-0: Called Strike 0-1: Fly out, F3 (Line Drive, 34, EV 71.2 MPH)
|
|
Batting: LHB Rick Vallis
|
0-0: Swinging Strike 0-1: Ball 1-1: Swinging Strike 1-2: Ball 2-2: Ball 3-2: Foul Ball, location: 2F 3-2: Strikes out swinging
|
| Bottom of the 5th over - 1 run, 2 hits, 0 errors, 2 left on base; Missoula 11 - Kingsport 8 |
| TOP OF THE 6TH |
|
Missoula Osprey batting - Pitching for Kingsport Mets : RHP Justin Vallis
|
|
Batting: RHB Shing Mah
|
0-0: Ball 1-0: Ground out 1-3 (Groundball, 34S, EV 66.9 MPH)
|
|
Batting: RHB Hector Tabares
|
0-0: Called Strike 0-1: Foul Ball, location: 2F 0-2: Ball 1-2: Strikes out looking
|
|
Batting: LHB Adam Spence
|
0-0: Ball 1-0: Foul Ball, location: 2F 1-1: Ball 2-1: Ball 3-1: Reached on error, E6 (Groundball, P, EV 80.6 MPH)
|
|
Batting: RHB Isaiah Hampton
|
0-0: Ball 1-0: Fly out, F2 (Popup, 25F, EV 81.2 MPH)
|
| Top of the 6th over - 0 runs, 0 hits, 1 error, 1 left on base; Missoula 11 - Kingsport 8 |
| BOTTOM OF THE 6TH |
|
Kingsport Mets batting - Pitching for Missoula Osprey : RHP Javier Rosales
|
|
Batting: RHB Eric Zylstra
|
0-0: Ball 1-0: Called Strike 1-1: Foul Ball, location: 2F 1-2: Strikes out swinging
|
|
Batting: SHB Josh Thomson
|
0-0: Ball 1-0: Swinging Strike 1-1: Ball 2-1: Ball 3-1: Base on Balls
|
|
Batting: RHB Juan Medina
|
0-0: Called Strike 0-1: Foul Ball, location: 2F 0-2: Ball Passed Ball! Josh Thomson to second 1-2: Ball 2-2: Strikes out swinging
|
|
Batting: RHB Dan Muse
|
0-0: Called Strike 0-1: Ball 1-1: Foul Ball, location: 2F 1-2: Ball 2-2: Strikes out swinging
|
| Bottom of the 6th over - 0 runs, 0 hits, 0 errors, 1 left on base; Missoula 11 - Kingsport 8 |
| TOP OF THE 7TH |
|
Missoula Osprey batting - Pitching for Kingsport Mets : RHP Justin Vallis
|
|
Batting: LHB Danny Salas
|
0-0: Ball 1-0: Ball 2-0: Called Strike 2-1: Foul Ball, location: 2F 2-2: Ball 3-2: Foul Ball, location: 2F 3-2: Foul Ball, location: 2F 3-2: Ground out U3 (Groundball, 3, EV 85.6 MPH)
|
|
Batting: RHB Claude Leduc
|
0-0: Called Strike 0-1: Ball 1-1: Ball 2-1: Ball 3-1: Base on Balls
|
|
Batting: LHB Angelo Lira
|
0-0: Called Strike 0-1: Called Strike 0-2: Strikes out swinging
|
|
Batting: RHB David Powell
|
0-0: Swinging Strike 0-1: Ball 1-1: Swinging Strike 1-2: Strikes out swinging
|
| Top of the 7th over - 0 runs, 0 hits, 0 errors, 1 left on base; Missoula 11 - Kingsport 8 |
| BOTTOM OF THE 7TH |
|
Kingsport Mets batting - Pitching for Missoula Osprey : RHP Javier Rosales
|
|
Batting: RHB Chris Artz
|
0-0: Ball 1-0: Called Strike 1-1: Foul Ball, location: 2F 1-2: Ball 2-2: SINGLE (Line Drive, 8RS, EV 92.5 MPH)
|
|
Batting: RHB Warren Carmichael
|
0-0: Ball 1-0: Called Strike 1-1: Swinging Strike 1-2: Foul Ball, location: 2F 1-2: Ball 2-2: Grounds into double play, 5-4-3 (Groundball, 56, EV 87.5 MPH)
|
|
Batting: LHB Randolph Brodbeck
|
0-0: Ball 1-0: Foul Ball, location: 2F 1-1: Swinging Strike 1-2: Foul Ball, location: 2F 1-2: Strikes out looking
|
| Bottom of the 7th over - 0 runs, 1 hit, 0 errors, 0 left on base; Missoula 11 - Kingsport 8 |
| TOP OF THE 8TH |
|
Missoula Osprey batting - Pitching for Kingsport Mets : RHP Justin Vallis
|
|
Pitching: RHP Mike Echegoyen
|
|
|
Batting: LHB Jalen Williams
|
0-0: Ground out 6-3 (Groundball, 6, EV 103.1 MPH)
|
|
Batting: RHB Shing Mah
|
0-0: Ball 1-0: Ball 2-0: Ball 3-0: Base on Balls
|
|
Batting: RHB Hector Tabares
|
0-0: Called Strike 0-1: Called Strike 0-2: Ball 1-2: Ball 2-2: SINGLE (Groundball, 4S, EV 66.9 MPH) (infield hit) Shing Mah to second
|
|
Batting: LHB Adam Spence
|
0-0: Ball 1-0: Ball 2-0: Swinging Strike 2-1: Swinging Strike 2-2: Strikes out looking
|
|
Batting: RHB Isaiah Hampton
|
0-0: Foul Ball, location: 2F 0-1: Ball 1-1: Ball 2-1: Ball 3-1: Base on Balls Shing Mah to third Hector Tabares to second
|
|
Batting: LHB Danny Salas
|
0-0: Ball 1-0: Called Strike 1-1: Called Strike 1-2: Ball 2-2: Ball 3-2: Ground out 4-3 (Groundball, 4, EV 84.4 MPH)
|
| Top of the 8th over - 0 runs, 1 hit, 0 errors, 3 left on base; Missoula 11 - Kingsport 8 |
| BOTTOM OF THE 8TH |
|
Kingsport Mets batting - Pitching for Missoula Osprey : RHP Javier Rosales
|
|
Pitching: RHP Sergio Reyes
|
|
|
Batting: RHB Artyom Shavkunov
|
0-0: Ball 1-0: Called Strike 1-1: Called Strike 1-2: Foul Ball, location: 2F 1-2: Ball 2-2: Ball 3-2: Ground out 1-3 (Groundball, 13S, EV 71.2 MPH)
|
|
Batting: LHB Rick Vallis
|
0-0: Ball 1-0: Foul Ball, location: 2F 1-1: Swinging Strike 1-2: Ball 2-2: Strikes out looking
|
|
Batting: RHB Eric Zylstra
|
0-0: Called Strike 0-1: Foul Ball, location: 2F 0-2: Ball 1-2: Ball 2-2: Ball 3-2: Foul Ball, location: 2F 3-2: Ground out 6-3 (Groundball, 6, EV 102.5 MPH)
|
| Bottom of the 8th over - 0 runs, 0 hits, 0 errors, 0 left on base; Missoula 11 - Kingsport 8 |
| TOP OF THE 9TH |
|
Missoula Osprey batting - Pitching for Kingsport Mets : RHP Mike Echegoyen
|
|
Batting: RHB Claude Leduc
|
0-0: Ball 1-0: Ball 2-0: Ball 3-0: Base on Balls
|
|
Batting: LHB Angelo Lira
|
0-0: Ball 1-0: Called Strike 1-1: Ball 2-1: Ball 3-1: Foul Ball, location: 2F 3-2: Reached on error, E6 (Groundball, 6MD, EV 101.2 MPH) Claude Leduc to second
|
|
Pitching: RHP Frank Emery
|
|
|
Batting: RHB David Powell
|
0-0: Fly out, F9 (Line Drive, 9, EV 90.0 MPH)
|
|
Batting: LHB Jalen Williams
|
0-0: Ball 1-0: SINGLE (Line Drive, 78M, EV 83.8 MPH) Claude Leduc to third Angelo Lira to second Runner from 3rd tries for Home, SAFE, throw by CF to home
|
|
Batting: RHB Shing Mah
|
0-0: Fly out, F9 (Line Drive, 9, EV 93.8 MPH)
|
|
Batting: RHB Hector Tabares
|
0-0: Foul Ball, location: 2F 0-1: Swinging Strike 0-2: Strikes out swinging
|
| Top of the 9th over - 1 run, 1 hit, 1 error, 2 left on base; Missoula 12 - Kingsport 8 |
| BOTTOM OF THE 9TH |
|
Kingsport Mets batting - Pitching for Missoula Osprey : RHP Sergio Reyes
|
|
Batting: SHB Josh Thomson
|
0-0: Called Strike 0-1: Ball 1-1: Ball 2-1: Foul Ball, location: 2F 2-2: Foul Ball, location: 2F 2-2: Ground out 6-3 (Groundball, 6, EV 107.5 MPH)
|
|
Batting: RHB Juan Medina
|
0-0: Ball 1-0: Ground out 4-3 (Groundball, 34, EV 111.2 MPH)
|
|
Batting: RHB Dan Muse
|
0-0: Ball 1-0: Fly out, F8 (Flyball, 8RM, EV 97.5 MPH)
|
| Bottom of the 9th over - 0 runs, 0 hits, 0 errors, 0 left on base; Missoula 12 - Kingsport 8 |
|